[Event "84th ESP-ch 2019"]
[Site "Marbella"]
[Date "2019.11.16"]
[Round "1.4"]
[White "Medina Romero, Jose"]
[Black "Perez Candelario, Manuel"]
[Result "0-1"]
[ECO "A41"]
[WhiteElo "2083"]
[BlackElo "2623"]
[Annotator "ChessBase"]
[PlyCount "66"]
[EventDate "2019.11.16"]
[EventType "swiss"]
[EventCountry "ESP"]
[SourceTitle "playchess.com"]
[Source "ChessBase"]
[SourceQuality "1"]
[TimeControl "5400+30"]

1. d4 d6 2. Nf3 g6 3. g3 Bg7 4. Bg2 Nd7 5. O-O e5 6. e4 Ne7 7. dxe5 dxe5 8. Nc3 O-O 9. Bg5 h6 10. Bxe7 Qxe7 11. Nd5 Qd8 12. c4 c6 13. Nc3 Qe7 14. Qe2 Nc5 15. h3 a5 16. Rad1 a4 17. Rfe1 Be6 18. Bf1 Qc7 19. Qc2 Qb6 20. Rd6 Qb4 21. a3 Qa5 22. Red1 Nb3 23. Kg2 Rfe8 24. Na2 Qc5 25. Nc3 Nd4 26. R6xd4 exd4 27. Nxa4 Qh5 28. h4 Bg4 29. Be2 Qa5 30. b3 b5 31. cxb5 cxb5 32. Nb2 Qc3 33. Qd2 Rxa3 0-1

[Event "84th ESP-ch 2019"]
[Site "Marbella"]
[Date "2019.11.16"]
[Round "1.5"]
[White "Salgado Lopez, Ivan"]
[Black "Aguado Doncel, Pablo Luis"]
[Result "1-0"]
[ECO "A06"]
[WhiteElo "2594"]
[BlackElo "2062"]
[Annotator "ChessBase"]
[PlyCount "79"]
[EventDate "2019.11.16"]
[EventType "swiss"]
[EventCountry "ESP"]
[SourceTitle "playchess.com"]
[Source "ChessBase"]
[SourceQuality "1"]
[TimeControl "5400+30"]

1. Nf3 d5 2. b3 Nf6 3. Bb2 e6 4. g3 Be7 5. Bg2 O-O 6. O-O Nbd7 7. c4 b6 8. cxd5 exd5 9. Nc3 Bb7 10. Rc1 c5 11. d4 Rc8 12. Nh4 cxd4 13. Qxd4 Nc5 14. Nf5 Ne6 15. Qa4 Bc6 16. Qh4 Re8 17. Rfd1 d4 18. Nxd4 Ne4 19. Nxc6 Bxh4 20. Rxd8 Nxd8 21. Nxe4 Rxc6 22. gxh4 Rxc1+ 23. Bxc1 Ne6 24. Nc3 Rc8 25. Bd2 Nd4 26. Kf1 b5 27. e3 b4 28. exd4 bxc3 29. Bc1 Rd8 30. d5 Rd6 31. Be4 Ra6 32. a3 Rb6 33. b4 g6 34. Ke2 f5 35. Bc2 Rd6 36. Bb3 a5 37. Bc4 Rb6 38. bxa5 Rb1 39. Kd1 Kf8 40. Kc2 1-0

[Event "84th ESP-ch 2019"]
[Site "Marbella"]
[Date "2019.11.16"]
[Round "1.6"]
[White "Fernandez Montero, Francisco M."]
[Black "Santos Ruiz, Miguel"]
[Result "0-1"]
[ECO "B23"]
[WhiteElo "2044"]
[BlackElo "2583"]
[Annotator "ChessBase"]
[PlyCount "80"]
[EventDate "2019.11.16"]
[EventType "swiss"]
[EventCountry "ESP"]
[SourceTitle "playchess.com"]
[Source "ChessBase"]
[SourceQuality "1"]
[TimeControl "5400+30"]

1. e4 c5 2. Nc3 Nc6 3. f4 g6 4. Nf3 Bg7 5. Be2 e6 6. O-O Nge7 7. Qe1 d5 8. d3 b6 9. a4 Nb4 10. Bd1 Ba6 11. Nb5 O-O 12. Ne5 Nbc6 13. Nxc6 Nxc6 14. c3 Ne7 15. Qh4 Qd7 16. Bc2 Bb7 17. Be3 d4 18. Bd2 a6 19. Na3 dxc3 20. Bxc3 Nc6 21. Rae1 Nd4 22. Bd1 b5 23. axb5 axb5 24. Nc2 Ra2 25. Qf2 Rd8 26. e5 Nxc2 27. Bxc2 b4 28. Bb1 Ra5 29. Bd2 Bf8 30. Rc1 Qd5 31. Be3 Be7 32. Rfd1 Rd7 33. Rd2 Ra1 34. Qf1 c4 35. dxc4 Qxd2 36. Bxd2 Bc5+ 37. Kh1 Rxd2 38. h3 Rxb2 39. Bc2 Raa2 40. Qd1 b3 0-1

[Event "84th ESP-ch 2019"]
[Site "Marbella"]
[Date "2019.11.16"]
[Round "1.7"]
[White "Santos Latasa, Jaime"]
[Black "Jimenez Fernandez, Rebeca"]
[Result "1-0"]
[ECO "A35"]
[WhiteElo "2581"]
[BlackElo "2043"]
[Annotator "ChessBase"]
[PlyCount "73"]
[EventDate "2019.11.16"]
[EventType "swiss"]
[EventCountry "ESP"]
[SourceTitle "playchess.com"]
[Source "ChessBase"]
[SourceQuality "1"]
[TimeControl "5400+30"]

1. Nf3 Nf6 2. c4 c5 3. Nc3 Nc6 4. d4 cxd4 5. Nxd4 g6 6. e4 Bg7 7. Be3 d6 8. f3 O-O 9. Qd2 Bd7 10. Be2 Nxd4 11. Bxd4 Bc6 12. O-O Nd7 13. Bf2 a5 14. b3 Rc8 15. Rab1 Be5 16. a3 e6 17. Bd3 Qe7 18. Rfe1 Rfd8 19. f4 Bg7 20. b4 axb4 21. axb4 b5 22. cxb5 Bxc3 23. Qxc3 Bxe4 24. Qd2 Bxd3 25. Qxd3 Rb8 26. Rbd1 Nb6 27. Qh3 Qf8 28. Bh4 Rdc8 29. f5 e5 30. fxg6 fxg6 31. Rf1 Qe8 32. Rxd6 Nc4 33. Re6 Qxb5 34. Rxg6+ hxg6 35. Qe6+ Kh7 36. Rf7+ Kh6 37. Bg5+ 1-0

[Event "84th ESP-ch 2019"]
[Site "Marbella"]
[Date "2019.11.16"]
[Round "1.8"]
[White "Garcia De Blas, Esteban"]
[Black "Ibarra Jerez, Jose Carlos"]
[Result "0-1"]
[ECO "A56"]
[WhiteElo "2031"]
[BlackElo "2540"]
[Annotator "ChessBase"]
[PlyCount "60"]
[EventDate "2019.11.16"]
[EventType "swiss"]
[EventCountry "ESP"]
[SourceTitle "playchess.com"]
[Source "ChessBase"]
[SourceQuality "1"]
[TimeControl "5400+30"]

1. d4 Nf6 2. c4 c5 3. Nf3 cxd4 4. Nxd4 e5 5. Nc2 b5 6. cxb5 d5 7. Bg5 Nbd7 8. Nc3 d4 9. Nd5 Bb7 10. e4 Nc5 11. Bxf6 gxf6 12. b6 Bxd5 13. Bb5+ Ke7 14. exd5 Qxb6 15. Bc6 Qa6 16. d6+ Kxd6 17. Bxa8 Nd3+ 18. Kf1 Nf4+ 19. Ke1 Nd3+ 20. Kf1 Bh6 21. Bb7 Qb5 22. Na3 Qxb7 23. Qxd3 Rc8 24. b3 Ke7 25. Nc4 Qd5 26. Ne3 Bxe3 27. fxe3 Rc3 28. Qd2 Qe4 29. Rc1 Qf5+ 30. Kg1 dxe3 0-1

[Event "84th ESP-ch 2019"]
[Site "Marbella"]
[Date "2019.11.16"]
[Round "1.9"]
[White "Cuenca Jimenez, Jose Fernando"]
[Black "Boutahar Belgasi, Tarik"]
[Result "1-0"]
[ECO "A15"]
[WhiteElo "2523"]
[BlackElo "2027"]
[Annotator "ChessBase"]
[PlyCount "89"]
[EventDate "2019.11.16"]
[EventType "swiss"]
[EventCountry "ESP"]
[SourceTitle "playchess.com"]
[Source "ChessBase"]
[SourceQuality "1"]
[TimeControl "5400+30"]

1. c4 Nf6 2. Nf3 e6 3. d4 d5 4. g3 Bb4+ 5. Bd2 Be7 6. Bg2 O-O 7. O-O c6 8. Qc2 Nbd7 9. Bf4 Re8 10. Rd1 Nf8 11. Nc3 Ng6 12. Bc1 Bb4 13. a3 Ba5 14. b3 Qe7 15. Bb2 Bd7 16. e3 Red8 17. Qe2 Rac8 18. b4 Bc7 19. e4 dxc4 20. e5 Nd5 21. Qxc4 Nxc3 22. Bxc3 Be8 23. h4 h6 24. Nd2 Bb8 25. Ne4 a6 26. Bd2 Nf8 27. Be3 Nh7 28. Bh3 Rd5 29. Bg2 Rdd8 30. Qc5 Qc7 31. Rac1 Rd5 32. Qc2 Qe7 33. Nc5 Rdd8 34. Qb3 Ba7 35. Re1 Rc7 36. Rcd1 Bd7 37. Ne4 Bc8 38. d5 cxd5 39. Bxa7 dxe4 40. Bc5 Qe8 41. Rxd8 Qxd8 42. Bxe4 Rd7 43. Rc1 Nf8 44. Bd6 Qe8 45. Qc3 1-0

[Event "84th ESP-ch 2019"]
[Site "Marbella"]
[Date "2019.11.16"]
[Round "1.10"]
[White "Gutierrez Curras, Daniel"]
[Black "Narciso Dublan, Marc"]
[Result "0-1"]
[ECO "A06"]
[WhiteElo "2025"]
[BlackElo "2517"]
[Annotator "ChessBase"]
[PlyCount "51"]
[EventDate "2019.11.16"]
[EventType "swiss"]
[EventCountry "ESP"]
[SourceTitle "playchess.com"]
[Source "ChessBase"]
[SourceQuality "1"]
[TimeControl "5400+30"]

1. Nf3 d5 2. g3 Bg4 3. c4 Bxf3 4. exf3 c6 5. cxd5 cxd5 6. Qb3 Qd7 7. f4 Nc6 8. Bg2 e6 9. O-O Nge7 10. Nc3 Nf5 11. d3 Be7 12. a3 O-O 13. Bd2 Nfd4 14. Qd1 Bf6 15. Rb1 Rfc8 16. Qg4 Ne7 17. h4 Rc7 18. Rfd1 Rac8 19. h5 h6 20. Qh3 Nb5 21. Nxb5 Qxb5 22. Bb4 Nf5 23. g4 Nd4 24. Bf1 Rc2 25. Qe3 Qb6 26. Rbc1 0-1

[Event "84th ESP-ch 2019"]
[Site "Marbella"]
[Date "2019.11.16"]
[Round "1.11"]
[White "Arizmendi Martinez, Julen Luis"]
[Black "Sosa Suarez, Carla Cristina"]
[Result "1-0"]
[ECO "C03"]
[WhiteElo "2517"]
[BlackElo "2022"]
[Annotator "ChessBase"]
[PlyCount "45"]
[EventDate "2019.11.16"]
[EventType "swiss"]
[EventCountry "ESP"]
[SourceTitle "playchess.com"]
[Source "ChessBase"]
[SourceQuality "1"]
[TimeControl "5400+30"]

1. e4 e6 2. d4 d5 3. Nd2 Be7 4. e5 c5 5. c3 Nc6 6. Bd3 Bd7 7. Ne2 f6 8. Nf4 g6 9. Nf3 Qb6 10. O-O cxd4 11. cxd4 g5 12. exf6 Nxf6 13. Nxg5 Nxd4 14. Be3 e5 15. Nxd5 Nxd5 16. Qh5+ Kd8 17. Nf7+ Kc8 18. Rac1+ Nc7 19. Qxe5 Nf3+ 20. gxf3 Rg8+ 21. Kh1 Bc6 22. Qf5+ Kb8 23. Bxb6 1-0

[Event "84th ESP-ch 2019"]
[Site "Marbella"]
[Date "2019.11.16"]
[Round "1.12"]
[White "Antonano Fedz-Quincoces, Avelino"]
[Black "Espinosa Aranda, Angel"]
[Result "0-1"]
[ECO "B70"]
[WhiteElo "2021"]
[BlackElo "2511"]
[Annotator "ChessBase"]
[PlyCount "102"]
[EventDate "2019.11.16"]
[EventType "swiss"]
[EventCountry "ESP"]
[SourceTitle "playchess.com"]
[Source "ChessBase"]
[SourceQuality "1"]
[TimeControl "5400+30"]

1. e4 c5 2. Nf3 d6 3. d4 cxd4 4. Nxd4 Nf6 5. Nc3 g6 6. Bc4 Bg7 7. O-O O-O 8. Re1 Nc6 9. Nb3 Bg4 10. f3 Be6 11. Bd5 Rc8 12. Be3 Bd7 13. Bxc6 Bxc6 14. Bd4 a6 15. Nd5 Bxd5 16. exd5 Re8 17. c3 Qd7 18. Qd3 b5 19. a3 Qb7 20. Bxf6 Bxf6 21. Re4 a5 22. Rd1 Kg7 23. Kh1 Qb6 24. Nc1 Rc4 25. Ne2 Rxe4 26. Qxe4 b4 27. axb4 axb4 28. Qxb4 Qxb4 29. cxb4 Rb8 30. Rb1 Rxb4 31. b3 Kf8 32. g3 Ke8 33. h4 Kd7 34. Kg2 Rb5 35. Nf4 Be5 36. Nd3 Rxd5 37. Nxe5+ Rxe5 38. Kf2 Kc6 39. f4 Rc5 40. g4 h5 41. f5 Re5 42. Kg3 Re4 43. Rc1+ Kb7 44. Rc4 Rxc4 45. bxc4 e5 46. fxg6 fxg6 47. gxh5 gxh5 48. Kf3 Kc6 49. Ke4 Kc5 50. Kf5 Kxc4 51. Kg5 e4 0-1

[Event "84th ESP-ch 2019"]
[Site "Marbella"]
[Date "2019.11.16"]
[Round "1.13"]
[White "Del Rio De Angelis, Salvador G."]
[Black "Sanjuan Garcia, Miguel"]
[Result "1-0"]
[ECO "A57"]
[WhiteElo "2502"]
[BlackElo "2021"]
[Annotator "ChessBase"]
[PlyCount "35"]
[EventDate "2019.11.16"]
[EventType "swiss"]
[EventCountry "ESP"]
[SourceTitle "playchess.com"]
[Source "ChessBase"]
[SourceQuality "1"]
[TimeControl "5400+30"]

1. d4 Nf6 2. c4 c5 3. d5 b5 4. cxb5 a6 5. e3 e6 6. Nc3 Bb7 7. e4 exd5 8. exd5 d6 9. Nf3 g6 10. bxa6 Bxa6 11. Bxa6 Nxa6 12. O-O Bg7 13. Re1+ Kf8 14. Nd2 Nd7 15. Nb5 Qb6 16. a4 Nc7 17. Nc4 Qb8 18. Nbxd6 1-0

[Event "84th ESP-ch 2019"]
[Site "Marbella"]
[Date "2019.11.16"]
[Round "1.14"]
[White "Ruiz Bellon, Manuel"]
[Black "Asis Gargatagli, Hipolito"]
[Result "0-1"]
[ECO "A04"]
[WhiteElo "1994"]
[BlackElo "2497"]
[Annotator "ChessBase"]
[PlyCount "66"]
[EventDate "2019.11.16"]
[EventType "swiss"]
[EventCountry "ESP"]
[SourceTitle "playchess.com"]
[Source "ChessBase"]
[SourceQuality "1"]
[TimeControl "5400+30"]

1. Nf3 g6 2. g3 Bg7 3. Bg2 Nf6 4. d4 O-O 5. O-O d6 6. a4 a5 7. Re1 d5 8. c4 Nc6 9. cxd5 Nxd5 10. e4 Nb6 11. d5 Nb4 12. Nc3 c6 13. Be3 Nc4 14. Qb3 Nxe3 15. Rxe3 cxd5 16. Nxd5 Nxd5 17. exd5 Ra6 18. Rae1 Rb6 19. Qc4 e6 20. Ne5 Rxb2 21. d6 Qxd6 22. Nxf7 Kxf7 23. Rxe6 Bxe6 24. Rxe6 Qxe6 25. Bd5 Re8 26. Qc7+ Kf8 27. Bxe6 Rxe6 28. Qc8+ Re8 29. Qc5+ Kg8 30. Qxa5 Rf8 31. Qd5+ Kh8 32. Kg2 Rfxf2+ 33. Kh3 h5 0-1

[Event "84th ESP-ch 2019"]
[Site "Marbella"]
[Date "2019.11.16"]
[Round "1.15"]
[White "Larino Nieto, David"]
[Black "Roman Lopez, Jesus"]
[Result "1-0"]
[ECO "A01"]
[WhiteElo "2473"]
[BlackElo "1993"]
[Annotator "ChessBase"]
[PlyCount "71"]
[EventDate "2019.11.16"]
[EventType "swiss"]
[EventCountry "ESP"]
[SourceTitle "playchess.com"]
[Source "ChessBase"]
[SourceQuality "1"]
[TimeControl "5400+30"]

1. b3 Nc6 2. d4 d5 3. Nf3 Bf5 4. Bb2 Nf6 5. e3 e6 6. Ne5 Nxe5 7. dxe5 Ne4 8. Bd3 Qg5 9. Kf1 Bc5 10. Qe2 Bb6 11. b4 Rd8 12. a4 a5 13. bxa5 Bxa5 14. f3 O-O 15. g4 Qh4 16. Kg2 Bxg4 17. fxg4 f5 18. exf6 Nxf6 19. h3 Ne4 20. Bxe4 dxe4 21. Nc3 Rf3 22. Nxe4 Rd2 23. Kxf3 Rxe2 24. Kxe2 Qe7 25. Ba3 Qd7 26. Rhf1 h6 27. Rf8+ Kh7 28. g5 Qxa4 29. g6+ Kxg6 30. Rg1+ Kh7 31. Rf7 Qc4+ 32. Kf3 Bc3 33. Nxc3 Qxc3 34. Rfxg7+ Qxg7 35. Rxg7+ Kxg7 36. Ke4 1-0

[Event "84th ESP-ch 2019"]
[Site "Marbella"]
[Date "2019.11.16"]
[Round "1.16"]
[White "Perez Guerra, Alberto"]
[Black "Alsina Leal, Daniel"]
[Result "0-1"]
[ECO "A20"]
[WhiteElo "1988"]
[BlackElo "2467"]
[Annotator "ChessBase"]
[PlyCount "59"]
[EventDate "2019.11.16"]
[EventType "swiss"]
[EventCountry "ESP"]
[SourceTitle "playchess.com"]
[Source "ChessBase"]
[SourceQuality "1"]
[TimeControl "5400+30"]

1. c4 e5 2. g3 c6 3. Nf3 e4 4. Nd4 d5 5. cxd5 Qxd5 6. e3 Nf6 7. Nc3 Qe5 8. Bg2 Bc5 9. Nb3 Na6 10. a3 Bb6 11. d4 exd3 12. Qxd3 O-O 13. O-O Re8 14. e4 Be6 15. Bf4 Qh5 16. Qc2 Bh3 17. Bxh3 Qxh3 18. Kh1 Nh5 19. Qe2 Nxf4 20. gxf4 f5 21. e5 Nc7 22. Qc4+ Ne6 23. f3 Rad8 24. Ne2 Kh8 25. Qc2 Be3 26. Qc4 h6 27. a4 Rd5 28. Qc3 Nxf4 29. Nxf4 Bxf4 30. Qc2 0-1

[Event "84th ESP-ch 2019"]
[Site "Marbella"]
[Date "2019.11.16"]
[Round "1.17"]
[White "Diaz Camallonga, Carles"]
[Black "Abreu Suarez, Isauro"]
[Result "1-0"]
[ECO "B03"]
[WhiteElo "2465"]
[BlackElo "1974"]
[Annotator "ChessBase"]
[PlyCount "65"]
[EventDate "2019.11.16"]
[EventType "swiss"]
[EventCountry "ESP"]
[SourceTitle "playchess.com"]
[Source "ChessBase"]
[SourceQuality "1"]
[TimeControl "5400+30"]

1. e4 Nf6 2. e5 Nd5 3. d4 d6 4. c4 Nb6 5. exd6 cxd6 6. Nc3 g6 7. Be3 Bg7 8. Rc1 O-O 9. b3 Bf5 10. g4 Bc8 11. h4 e5 12. d5 f5 13. gxf5 Bxf5 14. h5 N8d7 15. hxg6 hxg6 16. Bh3 Qf6 17. Bxf5 Qxf5 18. Nge2 Nc5 19. Ng3 Nd3+ 20. Kd2 Nxf2 21. Nxf5 Nxd1 22. Nxd6 Nxe3 23. Kxe3 Rf4 24. Rcg1 Raf8 25. Rh3 Nd7 26. Rxg6 Nf6 27. Nce4 Nxe4 28. Nxe4 Rf1 29. Rhg3 Re1+ 30. Kd3 Rf7 31. Nd6 e4+ 32. Kd2 Ref1 33. Nxf7 1-0

[Event "84th ESP-ch 2019"]
[Site "Marbella"]
[Date "2019.11.16"]
[Round "1.18"]
[White "Viciano Barrachina, Aitor"]
[Black "Gines Esteo, Pedro Antonio"]
[Result "0-1"]
[ECO "B11"]
[WhiteElo "1954"]
[BlackElo "2463"]
[Annotator "ChessBase"]
[PlyCount "132"]
[EventDate "2019.11.16"]
[EventType "swiss"]
[EventCountry "ESP"]
[SourceTitle "playchess.com"]
[Source "ChessBase"]
[SourceQuality "1"]
[TimeControl "5400+30"]

1. e4 c6 2. Nc3 d5 3. Nf3 Bg4 4. h3 Bxf3 5. Qxf3 e6 6. Be2 Nf6 7. O-O dxe4 8. Nxe4 Nbd7 9. d4 Be7 10. c3 O-O 11. Nxf6+ Nxf6 12. Bf4 a5 13. Rfd1 a4 14. a3 Qa5 15. Bd3 Rfd8 16. Be5 Nd7 17. Bf4 Qd5 18. Be4 Qb3 19. Rd2 Nf6 20. Bc2 Qc4 21. Rad1 Nd5 22. Qe4 g6 23. Be5 Rd7 24. h4 Rad8 25. h5 Nf6 26. Bxf6 Bxf6 27. hxg6 hxg6 28. Qd3 Qxd3 29. Rxd3 Ra8 30. f3 Ra6 31. Kf2 Rd5 32. b4 axb3 33. Bxb3 Rb5 34. c4 Bxd4+ 35. Kf1 Rbb6 36. a4 c5 37. Rc1 Rb4 38. Ke2 Rab6 39. Bd1 e5 40. g4 f5 41. gxf5 gxf5 42. Kd2 Rh6 43. Rb3 Rh2+ 44. Kd3 e4+ 45. fxe4 Rh3+ 46. Ke2 Rbxb3 47. Bxb3 Re3+ 48. Kd1 Rxb3 49. exf5 Kf7 50. Ke2 Kf6 51. Rf1 Rc3 52. Rb1 Rxc4 53. Rxb7 Rxa4 54. Kd3 Kxf5 55. Re7 Be5 56. Rf7+ Ke6 57. Rh7 Kd5 58. Rd7+ Bd6 59. Rd8 c4+ 60. Kc3 Ra3+ 61. Kc2 Kc5 62. Kb2 Rh3 63. Rc8+ Kb4 64. Rd8 Rh2+ 65. Kc1 Kc3 66. Rxd6 Rh1+ 0-1

[Event "84th ESP-ch 2019"]
[Site "Marbella"]
[Date "2019.11.16"]
[Round "1.19"]
[White "Tejedor Fuente, Enrique"]
[Black "Diaz Mino, Daniel"]
[Result "1-0"]
[ECO "C42"]
[WhiteElo "2457"]
[BlackElo "1953"]
[Annotator "ChessBase"]
[PlyCount "51"]
[EventDate "2019.11.16"]
[EventType "swiss"]
[EventCountry "ESP"]
[SourceTitle "playchess.com"]
[Source "ChessBase"]
[SourceQuality "1"]
[TimeControl "5400+30"]

1. e4 e5 2. Nf3 Nf6 3. Nxe5 d6 4. Nc4 Nxe4 5. Qe2 Qe7 6. Ne3 Nf6 7. b3 Be6 8. Bb2 Nc6 9. f4 O-O-O 10. f5 Bd7 11. Na3 Rg8 12. g3 g6 13. O-O-O Bg7 14. Bg2 d5 15. Qf1 d4 16. Nec4 Qc5 17. fxg6 fxg6 18. Nb5 Nh5 19. Ba3 Qf5 20. Nbd6+ cxd6 21. Nxd6+ Kb8 22. Nxf5 Bxf5 23. Bxc6 bxc6 24. Qf3 Nf6 25. Qxc6 Rc8 26. Bd6+ 1-0

[Event "84th ESP-ch 2019"]
[Site "Marbella"]
[Date "2019.11.16"]
[Round "1.20"]
[White "Munoz Suarez, Luis Alberto"]
[Black "Huerga Leache, Mikel"]
[Result "0-1"]
[ECO "C02"]
[WhiteElo "1944"]
[BlackElo "2456"]
[Annotator "ChessBase"]
[PlyCount "86"]
[EventDate "2019.11.16"]
[EventType "swiss"]
[EventCountry "ESP"]
[SourceTitle "playchess.com"]
[Source "ChessBase"]
[SourceQuality "1"]
[TimeControl "5400+30"]

1. e4 e6 2. d4 d5 3. e5 c5 4. c3 Qb6 5. Nf3 Nc6 6. Be2 cxd4 7. cxd4 Nge7 8. Nc3 Nf5 9. Na4 Qa5+ 10. Kf1 Bd7 11. b3 b5 12. Nc5 Bxc5 13. dxc5 b4 14. g4 Nfe7 15. Be3 h5 16. gxh5 Rxh5 17. Ng5 Rh4 18. Nf3 Rh5 19. Ng5 Rh8 20. f4 Nf5 21. Bf2 Nce7 22. Qd2 Bb5 23. a4 Bxe2+ 24. Qxe2 Qc7 25. Rc1 Qc6 26. Qb5 a6 27. Qxc6+ Nxc6 28. Kg2 Ke7 29. Nf3 Rh6 30. Rhd1 Rg6+ 31. Kf1 Rg4 32. h3 Rxf4 33. Kg2 Rh8 34. Rd3 Re4 35. Re1 Rh6 36. Rdd1 Rf4 37. Nh2 Rg6+ 38. Ng4 Nh6 39. Bg3 Rf5 40. Nxh6 gxh6 41. Rd3 Nxe5 42. Rde3 Nc6 43. Kh2 Kd7 0-1

[Event "84th ESP-ch 2019"]
[Site "Marbella"]
[Date "2019.11.16"]
[Round "1.21"]
[White "Ladron De Guevara Pinto, Paolo"]
[Black "Juan Mas, Santiago"]
[Result "1-0"]
[ECO "B00"]
[WhiteElo "2442"]
[BlackElo "1930"]
[Annotator "NA"]
[PlyCount "41"]
[EventDate "2019.11.16"]
[EventType "swiss"]
[EventCountry "ESP"]
[SourceTitle "playchess.com"]
[Source "ChessBase"]
[SourceQuality "1"]
[TimeControl "5400+30"]

1. e4 Nc6 2. d4 d5 3. e5 f6 4. f4 Nh6 5. c3 g6 6. Nf3 Bg4 7. Bd3 Bg7 8. O-O O-O 9. a4 Qd7 10. a5 a6 11. Nbd2 fxe5 12. fxe5 Nd8 13. Nb3 Ne6 14. Be2 c5 15. Nxc5 Nxc5 16. dxc5 Rad8 17. Re1 Nf5 18. Nd4 Bxe2 19. Qxe2 Nxd4 20. cxd4 Qf5 21. Ra3 1-0

[Event "84th ESP-ch 2019"]
[Site "Marbella"]
[Date "2019.11.16"]
[Round "1.22"]
[White "Castellanos Bogalo, Antonio"]
[Black "Valmana Canto, Jaime"]
[Result "0-1"]
[ECO "B21"]
[WhiteElo "1915"]
[BlackElo "2416"]
[Annotator "NA"]
[PlyCount "94"]
[EventDate "2019.11.16"]
[EventType "swiss"]
[EventCountry "ESP"]
[SourceTitle "playchess.com"]
[Source "ChessBase"]
[SourceQuality "1"]
[TimeControl "5400+30"]

1. e4 c5 2. d4 cxd4 3. c3 Nf6 4. e5 Nd5 5. Nf3 Nc6 6. Bc4 e6 7. O-O Nb6 8. Bb3 d6 9. exd6 Bxd6 10. cxd4 Ne7 11. Bg5 Bd7 12. Nc3 Bc6 13. Qe2 O-O 14. Rfe1 h6 15. d5 hxg5 16. dxc6 Nxc6 17. Ne4 Be7 18. Rad1 Nd5 19. Ng3 Nf4 20. Qe3 Qb6 21. Ne4 Qxe3 22. fxe3 g4 23. exf4 gxf3 24. Rd7 fxg2 25. Rxb7 Rab8 26. Rc7 Nd4 27. Kxg2 Bh4 28. Re3 Nf5 29. Rd3 Rb4 30. Rc4 Rfb8 31. Nd2 Bf6 32. Rxb4 Rxb4 33. Nc4 Nd4 34. Na5 Nxb3 35. axb3 Rxf4 36. Rd7 Bd4 37. Kg3 g5 38. Nc6 Bf2+ 39. Kg2 Bb6 40. Ne5 Kg7 41. Kg3 Rf5 42. Nf3 Rb5 43. Rd3 Bc7+ 44. Kg2 Kg6 45. h3 f5 46. Rc3 Bb6 47. Nd2 Ba5 0-1

[Event "84th ESP-ch 2019"]
[Site "Marbella"]
[Date "2019.11.16"]
[Round "1.23"]
[White "Garza Marco, Sergio"]
[Black "Perez Ramos, Juan Carlos"]
[Result "1-0"]
[ECO "A96"]
[WhiteElo "2400"]
[BlackElo "1888"]
[Annotator "NA"]
[PlyCount "67"]
[EventDate "2019.11.16"]
[EventType "swiss"]
[EventCountry "ESP"]
[SourceTitle "playchess.com"]
[Source "ChessBase"]
[SourceQuality "1"]
[TimeControl "5400+30"]

1. d4 f5 2. g3 Nf6 3. Bg2 e6 4. c4 d6 5. Nf3 Be7 6. O-O O-O 7. Nc3 Ne4 8. Nxe4 fxe4 9. Nd2 d5 10. f3 exf3 11. Nxf3 c5 12. Be3 dxc4 13. dxc5 Na6 14. Rc1 Bxc5 15. Bxc5 Nxc5 16. Rxc4 Qxd1 17. Rxd1 b6 18. Rd6 Ba6 19. Rxc5 bxc5 20. Rxa6 Rad8 21. Rxa7 Ra8 22. Rb7 Rxa2 23. Bh3 Re8 24. Rb6 Ra1+ 25. Kf2 e5 26. Be6+ Kf8 27. Nxe5 Rc1 28. b3 Ke7 29. Bd5 Kf8 30. Nf3 g5 31. Nxg5 Re5 32. Ne6+ Ke7 33. Nf4 h5 34. Ng6+ 1-0

[Event "84th ESP-ch 2019"]
[Site "Marbella"]
[Date "2019.11.16"]
[Round "1.24"]
[White "Ruiz Buendia, Miguel"]
[Black "Merario Alarcon, Andres"]
[Result "0-1"]
[ECO "B53"]
[WhiteElo "1875"]
[BlackElo "2394"]
[Annotator "NA"]
[PlyCount "64"]
[EventDate "2019.11.16"]
[EventType "swiss"]
[EventCountry "ESP"]
[SourceTitle "playchess.com"]
[Source "ChessBase"]
[SourceQuality "1"]
[TimeControl "5400+30"]

1. e4 c5 2. Nf3 d6 3. d4 cxd4 4. Qxd4 Nc6 5. Bb5 a6 6. Bxc6+ bxc6 7. c4 e5 8. Qd3 Ne7 9. Nc3 Ng6 10. b3 Be7 11. h3 O-O 12. O-O Be6 13. Be3 h6 14. Rfd1 Qe8 15. Rd2 f5 16. exf5 Bxf5 17. Qe2 Qf7 18. Nh2 Rad8 19. Rad1 Nh4 20. Bb6 Qg6 21. g4 Rd7 22. c5 d5 23. Qxe5 Bc2 24. Re1 Bg5 25. Rde2 Rdf7 26. Nd1 Bf4 27. Qc3 Bxh2+ 28. Kxh2 Nf3+ 29. Kg3 Nxe1 30. Qxe1 Qd3+ 31. Ne3 d4 32. Rd2 dxe3 0-1

[Event "84th ESP-ch 2019"]
[Site "Marbella"]
[Date "2019.11.16"]
[Round "1.25"]
[White "Suarez Uriel, Adrian"]
[Black "Moreno Latorre, Fco Jose"]
[Result "1-0"]
[ECO "B42"]
[WhiteElo "2389"]
[BlackElo "1875"]
[Annotator "NA"]
[PlyCount "73"]
[EventDate "2019.11.16"]
[EventType "swiss"]
[EventCountry "ESP"]
[SourceTitle "playchess.com"]
[Source "ChessBase"]
[SourceQuality "1"]
[TimeControl "5400+30"]

1. e4 c5 2. Nf3 e6 3. d4 cxd4 4. Nxd4 a6 5. Bd3 Qc7 6. Qe2 d6 7. O-O Nf6 8. c4 Be7 9. Nc3 O-O 10. Be3 Nbd7 11. Rac1 b6 12. f4 Bb7 13. b4 Rac8 14. a3 Qb8 15. Bf2 Rfe8 16. g4 Nf8 17. g5 N6d7 18. Bg3 Qa8 19. h4 a5 20. Ncb5 Qb8 21. Qf2 d5 22. cxd5 Rxc1 23. Rxc1 exd5 24. exd5 Bxd5 25. Nc7 Rc8 26. f5 axb4 27. Kh2 Bb7 28. f6 Bc5 29. axb4 Rxc7 30. bxc5 Nxc5 31. Rxc5 bxc5 32. Nb5 Ne6 33. Nxc7 Nd4 34. Ne6 Qc8 35. Nxd4 cxd4 36. Qxd4 Qe8 37. Qe5 1-0

[Event "84th ESP-ch 2019"]
[Site "Marbella"]
[Date "2019.11.16"]
[Round "1.26"]
[White "Serrano Garcia, Luis"]
[Black "Vega Gutierrez, Sabrina"]
[Result "0-1"]
[ECO "B44"]
[WhiteElo "1866"]
[BlackElo "2374"]
[Annotator "NA"]
[PlyCount "60"]
[EventDate "2019.11.16"]
[EventType "swiss"]
[EventCountry "ESP"]
[SourceTitle "playchess.com"]
[Source "ChessBase"]
[SourceQuality "1"]
[TimeControl "5400+30"]

1. e4 c5 2. Nf3 e6 3. d4 cxd4 4. Nxd4 Nc6 5. Be3 Nf6 6. Nd2 Qc7 7. c3 d5 8. Nxc6 bxc6 9. Bd3 Bd6 10. h3 O-O 11. O-O dxe4 12. Nxe4 Nxe4 13. Bxe4 f5 14. Bc2 Ba6 15. Re1 e5 16. f3 Rad8 17. Bd3 Bc8 18. Qc2 e4 19. fxe4 f4 20. e5 Bxe5 21. Bc5 Bd6 22. Bxh7+ Kh8 23. Bxd6 Rxd6 24. Be4 f3 25. Bxf3 Rdf6 26. Qa4 Qg3 27. Re4 Rxf3 28. Rh4+ Kg8 29. Qc4+ R3f7 30. Rf1 Be6 0-1

[Event "84th ESP-ch 2019"]
[Site "Marbella"]
[Date "2019.11.16"]
[Round "1.27"]
[White "Serarols Mabras, Bernat"]
[Black "Hernando Rodrigo, Inmaculada"]
[Result "1-0"]
[ECO "D37"]
[WhiteElo "2367"]
[BlackElo "1863"]
[Annotator "NA"]
[PlyCount "51"]
[EventDate "2019.11.16"]
[EventType "swiss"]
[EventCountry "ESP"]
[SourceTitle "playchess.com"]
[Source "ChessBase"]
[SourceQuality "1"]
[TimeControl "5400+30"]

1. d4 Nf6 2. c4 e6 3. Nf3 d5 4. Nc3 Be7 5. cxd5 exd5 6. Bg5 h6 7. Bh4 O-O 8. Qc2 c6 9. e3 Be6 10. Bd3 Nbd7 11. O-O Rc8 12. Rac1 Re8 13. Rfd1 Bg4 14. Bg3 Bxf3 15. gxf3 Bf8 16. Bf5 Nh5 17. Nxd5 Nxg3 18. hxg3 cxd5 19. Qxc8 Qxc8 20. Rxc8 Rxc8 21. Bxd7 Rc2 22. Rb1 Rc7 23. Ba4 g6 24. Bb3 Rd7 25. Rc1 Kg7 26. Ba4 1-0